 Dungeon Crawl Stone Soup version 0.29-a0-582-ge82337ba6a (webtiles) character file.

Game seed: 1605136140367538247

52 jlumianski the Skirmisher (level 3, -6/29 HPs)
             Began as a Demonspawn Fighter on June 15, 2022.
             Mangled by Crazy Yiuf
             ... wielding a +4 quarterstaff of chaos
              (18 damage)
             ... on level 2 of the Dungeon.
             The game lasted 00:06:25 (1758 turns).

jlumianski the Skirmisher (Demonspawn Fighter)      Turns: 1758, Time: 00:06:25

Health: -6/29      AC: 12    Str: 18    XL:     3   Next: 60%
Magic:  3/3        EV:  6    Int:  9    God:
Gold:   76         SH:  8    Dex: 12    Spells: 2/2 levels left

rFire   . . .      SeeInvis .   a - +0 war axe
rCold   . . .      Faith    .   c - +0 buckler
rNeg    . . .      Spirit   .   r - +0 chain mail
rPois   .          Reflect  .   (no helmet)
rElec   .          Harm     .   (no cloak)
rCorr   .          Rampage  .   (no gloves)
Will    .....                   m - +2 pair of boots
Stlth   ..........              (no amulet)
HPRegen 0.09/turn               (no ring)
MPRegen 0.08/turn               (no ring)

@: mighty
A: demonic guardian 1, condensation shield
a: no special abilities


You were on level 2 of the Dungeon.
You visited 1 branch of the dungeon, and saw 3 of its levels.

You collected 76 gold pieces.

Inventory:

Hand Weapons
 a - a +0 war axe (weapon)
Missiles
 d - 11 poisoned darts (quivered)
 e - 55 stones
 t - 5 atropa-tipped darts
Armour
 b - a +0 scale mail
 c - a +0 buckler (worn)
 m - a +2 pair of boots (worn)
 r - a +0 chain mail (worn)
Magical Staves
 j - a staff of earth
Scrolls
 g - 2 scrolls of identify {unknown}
 h - a scroll of blinking {unknown}
 i - a scroll of magic mapping {unknown}
 o - a scroll of teleportation {unknown}
 p - a scroll of poison {unknown}
 q - a scroll of noise {unknown}
 s - 2 scrolls of fear {unknown}
 u - a scroll of enchant weapon {unknown}
Potions
 f - a potion of mutation {unknown}
 k - a potion of degeneration {unknown}
 n - a potion of attraction {unknown}


   Skills:
 + Level 3.3 Fighting
 + Level 2.5 Axes
 + Level 3.1 Armour
 + Level 0.4 Dodging
 + Level 0.1 Stealth
 + Level 3.0 Shields


You had 2 spell levels left.
You didn't know any spells.
Your spell library contained the following spells:

 Spells                   Type           Power      Damage    Failure   Level
 Magic Dart               Conj           0%         1d3       100%        1
 Searing Ray              Conj           0%         2d4       100%        2
 Fulminant Prism          Conj/Hex       0%         3d6       100%        4


Dungeon Overview and Level Annotations

Branches:
Dungeon (3/15)

Altars:
Nemelex Xobeh

Shops:
D:1 ?

Annotations:
D:2 Crazy Yiuf


Innate Abilities, Weirdness & Mutations

A weak demonic guardian rushes to your aid.
A meltable shield of frost defends you. (SH +4)


Message History

You see here 5 atropa-tipped darts.
t - 5 atropa-tipped darts Your ufetubus disappears in a puff of smoke!
There is a sparkling altar of Nemelex Xobeh here.
u - a scroll labelled XAUMNE SYREMO You pick up a book of Conjurations and begin reading...
You add the spells Magic Dart, Searing Ray and Fulminant Prism to your library.
s - 2 scrolls labelled FUDOTA XEANO (gained 1)
An endoplasm comes into view.
The endoplasm quivers.
The endoplasm freezes you.
You are frozen.
You slash the endoplasm!
You kill the endoplasm!
A ball python comes into view.
You block the ball python's attack. The ball python barely misses you.
The ball python attacks as you move away!
You block the ball python's attack.
You slash the ball python!
You kill the ball python!
You see here a ball python corpse.
There is a faded altar of an unknown god here.
Found a mace.
Found a runed translucent door.
Crazy Yiuf shouts!
Crazy Yiuf yells, "Defame sizzlefizz infinity!"
Okay, then.
You feel very mighty all of a sudden.
You open the door.
Crazy Yiuf screams, "Two turtle Orb Guardian!"
Crazy Yiuf drinks a potion.
Crazy Yiuf seems to grow stronger.
Crazy Yiuf yells, "Two!"
Crazy Yiuf hits you with a +4 quarterstaff of chaos!
Ouch! That really hurt!
A demonic guardian appears!
There is an open translucent door, spattered with blood here.
You slash Crazy Yiuf!
Crazy Yiuf is heavily wounded.
Crazy Yiuf hits you with a +4 quarterstaff of chaos!!
Ouch! That really hurt!
You die...

.# #..# #.# .#
#####..# #)# ##
#......# #.###
#.###### #...# #.#
###.# #.##♣♣♣♣♣ #.#
#.....♣.♣♣♣ #### #.#
######...P..♣..♣#...#
#.#
#..........♣♣♣♣.@g..#
#.# #.####....♣♣
♣♣#.5)# #.## #.#
#.##♣♣ #### #..# #.#
#.# ##.# #.# #.# #.#
#.# ##.##### ##.# #.#
#...##.# #..# #.#
#.#.##.# #.## #.#
#)#.##.# #.#


You could see Crazy Yiuf (strong, ally target) and a friendly white imp
(summoned).

Vanquished Creatures
  An adder (D:2)
  A dart slug (D:2)
  5 bats
  6 endoplasms
  4 goblins
  3 hobgoblins
  2 kobolds (D:2)
  8 ball pythons
  3 frilled lizards (D:1)
  5 rats
38 creatures vanquished.

Vanquished Creatures (collateral kills)
  A bat (D:2)
1 creature vanquished.

Grand Total: 39 creatures vanquished

Notes
Turn   | Place    | Note
-------+----------+-------------------------------------------
     0 | D:1      | jlumianski the Demonspawn Fighter began the quest for the
                  | Orb.
     0 | D:1      | Reached XP level 1. HP: 18/18 MP: 1/1
   351 | D:1      | Gained mutation: A weak demonic guardian rushes to your
                  | aid. [demonic ancestry]
   351 | D:1      | Reached XP level 2. HP: 21/24 MP: 2/2
   445 | D:1      | Found Gebegg's Magic Scroll Shop.
   835 | D:2      | Gained mutation: A meltable shield of frost defends you.
                  | (SH +4) [demonic ancestry]
   835 | D:2      | Reached XP level 3. HP: 27/29 MP: 3/3
  1529 | D:2      | Found a sparkling altar of Nemelex Xobeh.
  1529 | D:2      | Found a faded altar of an unknown god.
  1713 | D:2      | Found a runed translucent door.
  1714 | D:2      | Noticed Crazy Yiuf
  1758 | D:2      | Mangled by Crazy Yiuf

Illustrated notes

Levels and vault maps discovered:
D:1:      mushboom_english_gardens, layout_rooms, serial_shops,
          nicolae_shop_trees, hangedman_decor_riveting
D:2:      layout_loops_ring, basic_altar, basic_ecumenical_altar,
          uniq_crazy_yiuf_cottage
D:3:      layout_basic, okawaru_gym_becter, mainiacjoe_overflow_paths

Skill      XL: |  1  2  3 |
---------------+----------+-----
Axes           | 2 |  2.5
Armour         | 3 |  3.1
Shields        | 3 |  3.0
Fighting       | |  3.3
Dodging        | |  0.4
Stealth        | |  0.1

Action                   || total
-------------------------++-------
Melee: War axe           ||   106
Throw: Dart              ||     2
  Use: Potion            ||     2
Armor: Scale mail        ||    50
       Chain mail        ||     5
Dodge: Dodged            ||    47
Block: Buckler           ||    48

Table legend: (Time is in decaauts)
 A = Elapsed time spent in this place.
 B = Non-inter-level travel time spent in this place.
 C = Inter-level travel time spent in this place.
 D = Time resting spent in this place.
 E = Time spent auto-exploring this place.
 F = Levels seen in this place.
 G = Mean time per level.
                   A        B        C        D        E       F      G
               +--------+--------+--------+--------+--------+-----+--------+
         Total |   1806 |   1776 |     30 |    482 |    665 |   3 |  602.0 |
       Dungeon |   1806 |   1776 |     30 |    482 |    665 |   3 |  602.0 |
               +--------+--------+--------+--------+--------+-----+--------+

Top non-repeatable levels by time:
     D:2: 936 daAuts
     D:1: 860 daAuts
     D:3: 9 daAuts
